 Dungeon Crawl Stone Soup version 0.27-a0-1196-g3e9cee4cb2 (webtiles) character file.

Game seed: 2195259051943241803

495859 freelancePsychic the Cryomancer (level 23, -10/212 HPs)
             Began as a White Draconian Conjurer on May 27, 2021.
             Was a High Priest of Ashenzari.
             Mangled by a jiangshi (16 damage)
             ... led by a vampire mage
             ... on level 5 of the Depths.
             The game lasted 03:22:37 (56925 turns).

freelancePsychic the Cryomancer (DrCj)             Turns: 56925, Time: 03:22:38

Health: -10/212    AC: 29    Str:  9    XL:     23   Next: 67%
Magic:  25/47      EV: 28    Int: 32    God:    Ashenzari [*****.]
Gold:   3314       SH: 30    Dex: 19    Spells: 17/62 levels left

rFire    + + .     SeeInvis +   o - +3 Elemental Staff {rElec rF++ rC++ Will++ AC+5, Fort, Evo} (curse)
rCold    + + +     Faith    .   m - +3 tower shield {AC+3}
rNeg     . . .     Spirit   .   (armour unavailable)
rPois    +         Reflect  .   S - +2 hat "Tethered With Me" {Bglg, Melee} (curse)
rElec    +         Harm     .   R - +2 cloak of the Thief {*Fog Slay-2 SInv Stlth+, Self, Cun} (curse)
rCorr    .         Rampage  .   n - +2 pair of gloves "Lashed Mistrust" {Dex+3, Melee, Self} (curse)
Will     +++..     Clarity  +   g - +1 pair of boots "Doubts of Ashenzari" {Bglg, Self} (curse)
Stlth    +++++.....             d - amulet of Ashenzari's Oracle {RegenMP, Fort, Self} (curse)
HPRegen  0.45/turn              I - ring of the Oracular Stars {rElec rPois EV+4 Dex+3 Slay-4, Range, Self} (curse)
MPRegen  0.55/turn              l - ring "Circumscribed Together" {Int+6, Bglg, Elem} (curse)

@: studying Bows
A: breathe frost, AC +11, unfitting armour, cold resistance 1, cold-blooded,
hooves 1, stinger 1, large bone plates 1, frail 1
}: 3/15 runes: serpentine, barnacled, slimy
a: Breathe Frost, Renounce Religion, Shatter the Chains


You were on level 5 of the Depths.
You worshipped Ashenzari.
Ashenzari was extremely pleased with you.
You visited 9 branches of the dungeon, and saw 45 of its levels.
You also visited: Ossuary and Volcano.

You collected 6153 gold pieces.
You spent 2839 gold pieces at shops.

Inventory:

Hand Weapons
 a - a +0 spear
 o - the cursed +3 Elemental Staff (weapon) {rElec rF++ rC++ Will++ AC+5, Fort, Evo}
   (You found it on level 5 of the Pits of Slime)

   It affects your AC (+5).
   It greatly protects you from fire.
   It greatly protects you from cold.
   It insulates you from electricity.
   It greatly increases your willpower.
   It has a curse which improves the following skills: Fortitude: Shields.
   Evocations: Evocations.
Missiles
 v - 4 throwing nets
 F - 13 atropa-tipped darts
Armour
 g - the cursed +1 pair of boots "Doubts of Ashenzari" (worn) {Bglg, Self}
   (You found it on level 5 of the Dungeon)

   It has a curse which improves the following skills: Beguiling: Conjurations,
   Hexes and Translocations.
   Introspection: Fighting and Spellcasting.
 m - a +3 tower shield of protection (worn)
 n - the cursed +2 pair of gloves "Lashed Mistrust" (worn) {Dex+3, Melee, Self}
   (You acquired it on level 5 of the Lair of Beasts)

   It has a curse which improves the following skills: Melee Combat: Short
   Blades, Long Blades, Axes, Maces & Flails, Polearms, Staves and Unarmed
   Combat.
   Introspection: Fighting and Spellcasting.
 R - the cursed +2 cloak of the Thief (worn) {*Fog Slay-2 SInv Stlth+, Self, Cun}
   (You found it in a volcano)

   It affects your accuracy and damage with ranged weapons and melee attacks
   (-2).
   It lets you see invisible.
   It makes you more stealthy.
   It has a curse which improves the following skills: Introspection: Fighting
   and Spellcasting.
   Cunning:   Dodging and Stealth.
 S - the cursed +2 hat "Tethered With Me" (worn) {Bglg, Melee}
   (You found it on level 2 of the Orcish Mines)

   It has a curse which improves the following skills: Beguiling: Conjurations,
   Hexes and Translocations.
   Melee Combat: Short Blades, Long Blades, Axes, Maces & Flails, Polearms,
   Staves and Unarmed Combat.
Jewellery
 d - the cursed amulet of Ashenzari's Oracle (around neck) {RegenMP, Fort, Self}
   (You took it off an orc on level 5 of the Dungeon)

   [amulet of magic regeneration]

   It increases your rate of magic regeneration.
   It has a curse which improves the following skills: Fortitude: Shields.
   Introspection: Fighting and Spellcasting.
 l - the cursed ring "Circumscribed Together" (right hand) {Int+6, Bglg, Elem}
   (You found it on level 4 of the Dungeon)

   [ring of intelligence]

   It affects your intelligence (+6).
   It has a curse which improves the following skills: Beguiling: Conjurations,
   Hexes and Translocations.
   Elements:  Fire Magic, Ice Magic, Air Magic and Earth Magic.
 I - the cursed ring of the Oracular Stars (left hand) {rElec rPois EV+4 Dex+3 Slay-4, Range, Self}
   (You bought it in a shop on level 9 of the Dungeon)

   [ring of evasion]

   It affects your evasion (+4).
   It affects your dexterity (+3).
   It affects your accuracy and damage with ranged weapons and melee attacks
   (-4).
   It insulates you from electricity.
   It protects you from poison.
   It has a curse which improves the following skills: Ranged Combat: Slings,
   Bows, Crossbows and Throwing.
   Introspection: Fighting and Spellcasting.
 J - an amulet of guardian spirit
 P - a ring of poison resistance
 T - a +6 ring of strength
 U - an amulet of the acrobat
 V - a ring of positive energy
 W - a ring of willpower
 Y - a ring of willpower
 Z - a ring of protection from cold
Wands
 j - a wand of acid (15)
 p - a wand of iceblast (48)
 y - a wand of digging (12)
 D - a wand of flame (44)
 G - a wand of polymorph (38)
 M - a wand of paralysis (31)
Scrolls
 b - 38 scrolls of identify {@r1}
 c - 2 scrolls of holy word
 i - 3 scrolls of teleportation {@r4}
 q - 6 scrolls of fear
 t - 7 scrolls of enchant weapon
 u - 2 scrolls of brand weapon
 w - a scroll of silence
 A - 5 scrolls of blinking
 C - 11 scrolls of magic mapping
 E - a scroll of fog
 O - 5 scrolls of amnesia
Potions
 f - 8 potions of ambrosia
 h - 11 potions of heal wounds {@q2}
 k - 6 potions of might
 r - 5 potions of haste {@q3}
 s - 2 potions of mutation
 x - 2 potions of invisibility
 z - 3 potions of flight
 B - 9 potions of curing {@q1}
 K - 2 potions of resistance
 L - a potion of cancellation
 N - 3 potions of brilliance
 Q - 4 potions of berserk rage
 X - 3 potions of magic
Miscellaneous
 H - a condenser vane


   Skills:
 - Level 20.1(26.1) Fighting
 - Level 1.5(5.0) Polearms
 - Level 4.0(7.8) Staves
 + Level 15.4(17.6) Dodging
 - Level 4.9(7.5) Stealth
 * Level 21.6(24.5) Shields
 - Level 13.7(20.4) Spellcasting
 - Level 6.5(11.6) Conjurations
 - Level 6.8(12.0) Hexes
 - Level 22.1(23.9) Ice Magic
 - Level 2.3(4.4) Air Magic


You had 17 spell levels left.
You knew the following spells:

 Your Spells              Type           Power      Damage    Failure   Level
a - Invisibility          Hex            83%        N/A       1%          6
b - Ozocubu's Refrigerat  Ice            67%        4d18      1%          7
c - Tukima's Dance        Hex            83%        N/A       1%          3
d - Freezing Cloud        Conj/Ice/Air   66%        6-21      1%          6
e - Frozen Ramparts       Ice            100%       1d12      0%          3
f - Ozocubu's Armour      Ice            100%       N/A       0%          3
g - Hailstorm             Conj/Ice       100%       3d20      0%          4
h - Absolute Zero         Ice            67%        ∞         6%          9
i - Searing Ray           Conj           100%       3d7       0%          2
j - Sublimation of Blood  Necr           16%        N/A       1%          2

Your spell library contained the following spells:

 Spells                   Type           Power      Damage    Failure   Level
 Corona                   Hex            92%        N/A       0%          1
 Freeze                   Ice            100%       1d11      0%          1
 Magic Dart               Conj           100%       1d8       0%          1
 Ensorcelled Hibernation  Hex/Ice        100%       N/A       0%          2
 Slow                     Hex            83%        N/A       0%          2
 Animate Skeleton         Necr           64%        N/A       1%          1
 Apportation              Tloc           76%        N/A       1%          1
 Beastly Appendage        Tmut           64%        N/A       1%          1
 Foxfire                  Conj/Fire      100%       2x1d9     1%          1
 Pain                     Necr           100%       1d9       1%          1
 Sandblast                Erth           100%       2d20      1%          1
 Shock                    Conj/Air       100%       1d9       1%          1
 Blink                    Tloc           N/A        N/A       1%          2
 Call Imp                 Summ           32%        N/A       1%          2
 Corpse Rot               Necr/Air       N/A        N/A       1%          2
 Passwall                 Tmut/Erth      41%        N/A       1%          2
 Static Discharge         Conj/Air       90%        N/A       1%          2
 Wereblood                Tmut           32%        N/A       1%          2
 Confusing Touch          Hex            83%        N/A       1%          3
 Conjure Flame            Conj/Fire      82%        6-21      1%          3
 Dazzling Flash           Conj/Hex       100%       N/A       1%          3
 Inner Flame              Hex/Fire       83%        N/A       1%          3
 Mephitic Cloud           Conj/Pois/Air  79%        N/A       1%          3
 Portal Projectile        Hex/Tloc       100%       N/A       1%          3
 Stone Arrow              Conj/Erth      100%       3d13      1%          3
 Swiftness                Air            75%        N/A       1%          3
 Airstrike                Air            37%        N/A       1%          4
 Cause Fear               Hex            41%        N/A       1%          4
 Fulminant Prism          Conj/Hex       41%        3d20      1%          4
 Ice Form                 Ice/Tmut       100%       N/A       1%          4
 Iskenderun's Mystic Bla  Conj/Tloc      64%        2d13      1%          4
 Leda's Liquefaction      Hex/Erth       41%        N/A       1%          4
 Sticky Flame             Conj/Fire      82%        2d9       1%          4
 Summon Ice Beast         Ice/Summ       100%       N/A       1%          4
 Lightning Bolt           Conj/Air       45%        1d65      1%          5
 Metabolic Englaciation   Hex/Ice        61%        N/A       1%          5
 Silence                  Hex/Air        45%        N/A       1%          5
 Simulacrum               Ice/Necr       52%        N/A       1%          6
 Gell's Gravitas          Tloc           19%        N/A       2%          3
 Lesser Beckoning         Tloc           19%        N/A       2%          3
 Fireball                 Conj/Fire      41%        3d17      2%          5
 Summon Mana Viper        Hex/Summ       63%        N/A       2%          5
 Yara's Violent Unravell  Hex/Tmut       31%        3d13      2%          5
 Ignite Poison            Fire/Tmut/Pois 50%        N/A       3%          3
 Spider Form              Tmut/Pois      16%        N/A       3%          3
 Vampiric Draining        Necr           16%        2d8       3%          3
 Bolt of Magma            Conj/Fire/Erth 46%        4d19      5%          5
 Passage of Golubria      Tloc           N/A        N/A       8%          4
 Petrify                  Tmut/Erth      50%        N/A       10%         4
 Animate Dead             Necr           16%        N/A       11%         4
 Starburst                Conj/Fire      41%        8x6d12    14%         6
 Lee's Rapid Deconstruct  Erth           25%        3d15*     26%         5
 Summon Forest            Summ/Tloc      17%        N/A       26%         5
 Borgnjor's Vile Clutch   Necr/Erth      25%        N/A       28%         5
 Agony                    Necr           32%        N/A       30%         5
 Alistair's Intoxication  Tmut/Pois      21%        N/A       30%         5
 Hydra Form               Tmut           16%        N/A       30%         5
 Spellforged Servitor     Conj/Summ      31%        N/A       63%         7
 Death Channel            Necr           16%        N/A       86%         6
 Eringya's Noxious Bog    Tmut/Pois      16%        N/A       86%         6
 Shadow Creatures         Summ           N/A        N/A       86%         6
 Chain Lightning          Conj/Air       45%        N/A       95%         8
 Lehudib's Crystal Spear  Conj/Erth      41%        10d10     99%         8
 Summon Hydra             Summ           16%        N/A       100%        7
 Ignition                 Fire           25%        3d9       100%        8
 Fire Storm               Conj/Fire      41%        8d10      100%        9
 Animate Armour           Summ/Erth      Unusable   N/A       N/A         4

Dungeon Overview and Level Annotations

Branches:
Dungeon (15/15)            Temple (0/1) D:6            Lair (6/6) D:11
 Shoals (4/4) Lair:3        Snake (4/4) Lair:2        Slime (5/5) Lair:6
    Orc (2/2) D:12            Elf (3/3) Orc:2        Vaults (1/5) D:13
 Depths (5/5) D:15        Ossuary (visited)         Volcano (visited)
    Zot: Depths:5

Altars:
Ashenzari
Cheibriados
Fedhas
Gozag
Hepliaklqana
Nemelex Xobeh
Okawaru
Qazlal
Sif Muna
Trog
Uskayaw
Vehumet
Wu Jian
Zin
The Shining One
Beogh
Jiyva

Shops:
D:1 :   D:6 *   D:9 =   D:10 [?   D:13 [[=!   Orc:1 !   Orc:2 (::[   Elf:1 ?
Elf:2 :=   Elf:3 =   Snake:2 *   Snake:3 **   Snake:4 =:=

Portals:
Hell: Depths:1 Depths:2 Depths:3 Depths:4
Abyss: Depths:1 Depths:4
Pandemonium: Depths:1 Depths:3
Ziggurat: Depths:2

Annotations:
D:10 2 runed translucent doors, exclusion: orange crystal statue
D:11 2 transporters, robertstho's ghost, journeyman DjFE
Elf:2 3 runed translucent doors


Innate Abilities, Weirdness & Mutations

You can breathe waves of freezing cold which knock back foes.
Your icy white scales are hard. (AC +11)
You cannot fit into any form of body armour.
Your flesh is cold resistant. (rC+)
You are cold-blooded and may be slowed by cold attacks.
You have large cloven feet.
Your tail ends in a poisonous barb.
You are partially covered in large bone plates. (SH +4)
You are frail. (-10% HP)


Message History

You block the vampire mage's attack. x2; The black draconian moves out of view.
You see here a +0 robe.
The black draconian roars!
A stone giant comes into view.
The frost giant gestures at you while chanting.
The bolt of cold hits the vampire knight!
The vampire knight resists.
The bolt of cold misses you.
The stone giant throws a large rock.
You block the large rock.
Found a +0 plate armour.
You block the black draconian's attack.
The vampire knight gestures at you while chanting.
You resist with almost no effort.
You are no longer corroded.
The stone giant throws a large rock.
The large rock barely misses you.
The black draconian breathes lightning at you.
The bolt of lightning misses you. x2
The stone giant throws a large rock.
You block the large rock.
A jiangshi comes into view.
You block the stone giant's attack. You block the jiangshi's attack.
The jiangshi claws you but does no damage.
The jiangshi claws you but does no damage.
You block the jiangshi's attack.
The black draconian breathes lightning at you.
The bolt of lightning hits you. You resist.
* * * LOW HITPOINT WARNING * * *
The frost giant points at you and mumbles some strange words.
The bolt of cold hits the jiangshi!
The jiangshi resists.
The bolt of cold misses you. The jiangshi barely misses you.
You block the jiangshi's attack. x2
The jiangshi closely misses you. The frost giant completely misses you.
You block the frost giant's attack.
There is a stone staircase leading up here.
You block the jiangshi's attack. x2; You block the stone giant's attack.
The frost giant hits you with a +0 battleaxe of freezing!!
* * * LOW HITPOINT WARNING * * *
The jiangshi claws you!
* * * LOW HITPOINT WARNING * * *
The jiangshi draws strength from your injuries!
The jiangshi claws you!
You die...

,, * *#......##.###
, **......###.####
+ , ##........####
,{ ........V..### ,
, ..#.......##.###
, *#...#.##..##C.##
,, *#..#####.Vd.###
**, #..####.CV..##
* *
,.##.....V@C.###
*,,∩..+.##......###
* ,..##.##.......##
* **
.##).[...§§####
*,,, ##§§##.§§§§###
,∩ , #C.##...§§§§##
,,, #..##......#..#
*
,*#{{{##........##
,
'#...,###........#


You could see a frost giant, a black draconian (catching breath), 2 stone
giants, 2 jiangshi and a vampire mage.

Vanquished Creatures
  the Royal Jelly (Slime:5)
  Mara (Snake:4)
  2 juggernauts
  Frederick (Depths:4)
  Vashnia (Snake:4)
  4 caustic shrikes
  A golden dragon (Depths:3)
  Nikola (Snake:1)
  A bone dragon (Depths:5)
  2 tentacled monstrosities
  2 liches (Depths:3)
  Asterion (Vaults:1)
  2 deep elf blademasters (Elf:3)
  A quicksilver dragon (Depths:3)
  2 deep elf master archers (Elf:3)
  A kraken (Shoals:4)
  29 acid blobs
  An ancient champion (Depths:4)
  5 tengu reavers
  5 storm dragons
  2 shadow dragons
  4 nagarajas (Snake:4)
  20 rockslimes
  A draconian monk (Depths:5)
  Donald (Snake:4)
  6 fire giants
  17 azure jellies
  7 frost giants
  The ghost of ardl the Eclecticist, an adept DjNe of Hepliaklqana (Orc:2)
  A balrug (Depths:3)
  4 deep elf sorcerers (Elf:3)
  An iron dragon (Depths:4)
  An orc warlord (Vaults:1)
  2 vault wardens (Vaults:1)
  Aizul (Snake:2)
  11 quicksilver oozes
  5 deep elf elementalists
  A war gargoyle (Depths:3)
  18 very ugly things
  The ghost of karkarkar the Tortoise, a journeyman MiBe of Trog (Lair:5)
  10 stone giants
  2 spriggan defenders (Depths:3)
  7 deep elf demonologists
  5 dire elephants
  An entropy weaver (Vaults:1)
  8 deep elf annihilators
  A vampire knight (Depths:1)
  5 spark wasps
  5 merfolk javelineers
  A purple draconian (Depths:4)
  11 ettins
  10 fire dragons
  2 blizzard demons
  6 deep elf high priests
  7 merfolk impalers
  10 deep elf death magi
  2 yaktaur captains
  A rakshasa (Depths:4)
  An ironbound thunderhulk (Vaults:1)
  5 vault guards
  9 hydras
  7 great orbs of eyes
  23 naga warriors
  7 ice dragons
  4 spriggan air magi
  4 salamander tyrants (Snake:4)
  4 boulder beetles
  2 hell beasts (Depths:4)
  2 catoblepae (Lair:6)
  An ironbound frostheart (Vaults:1)
  3 merfolk avatars (Shoals:1)
  An anaconda (shapeshifter) (Vaults:1)
  10 anacondas
  An alligator snapping turtle (Shoals:4)
  A death knight (D:11)
  9 dancing weapons
  5 centaur warriors
  3 merfolk aquamancers (Shoals:4)
  A two-headed ogre (D:8)
  A death yak (Lair:6)
  2 hell hogs (Depths:3)
  6 deep troll shamans
  3 deep troll earth magi (Depths:2)
  An orc high priest (Elf:1)
  17 tengu warriors
  2 vampire magi
  An ironbound beastmaster (Vaults:1)
  12 spriggan berserkers
  3 soul eaters (Depths:3)
  3 sun demons (Depths:3)
  18 naga sharpshooters
  5 hell knights (Depths:3)
  4 shock serpents
  12 deep elf knights
  Sonja (D:10)
  8 iron trolls
  7 sea snakes
  3 skeletal warriors
  A shadow wraith (Depths:3)
  6 salamander mystics
  14 deep trolls
  4 glowing orange brains
  2 quicksilver dragon simulacra (Depths:3)
  2 flayed ghosts
  A spectral anaconda (Lair:6)
  7 naga ritualists
  9 deep elf archers
  2 ironbound convokers (Vaults:1)
  An obsidian statue (Lair:6)
  28 deep elf zephyrmancers
  A sphinx zombie (Depths:1)
  6 wizards
  3 lindwurms (Volcano)
  2 phantasmal warriors (Depths:1)
  36 deep elf pyromancers
  7 oklob plants
  12 necromancers
  10 orc knights
  10 harpies
  55 ugly things
  9 mana vipers
  8 fauns (Shoals:1)
  6 shining eyes
  83 slime creatures
  A manticore (shapeshifter) (Depths:2)
  12 salamanders
  3 orc sorcerers
  7 cyclopes
  11 manticores
  6 merfolk sirens
  24 elephants
  An ice statue (Depths:3)
  7 guardian serpents
  25 black mambas
  6 vault sentinels (Vaults:1)
  6 water nymphs
  A dire elephant zombie (Lair:6)
  17 naga magi
  A torpor snail (Lair:6)
  6 cane toads
  5 eyes of devastation
  A fire giant skeleton (Depths:1)
  2 smoke demons (Volcano)
  A titan simulacrum (Depths:1)
  2 rime drakes (Lair:2)
  8 tengu conjurers
  A dire elephant skeleton (Lair:6)
  An ice devil (Depths:3)
  6 freezing wraiths
  4 komodo dragons
  A komodo dragon (shapeshifter) (D:15)
  12 yaktaurs (Vaults:1)
  14 merfolk
  2 meliai (Lair:5)
  2 polar bears
  2 trolls
  A meliai (shapeshifter) (D:13)
  A jumping spider (shapeshifter) (Depths:4)
  A queen bee (Lair:5)
  6 hornets
  A jumping spider (Vaults:1)
  3 wind drakes
  10 blink frogs
  Prince Ribbit (D:5)
  A hornet (shapeshifter) (D:15)
  3 snapping turtles (Shoals:4)
  2 spectral elephants (Lair:6)
  17 dream sheep (Lair:6)
  A stone giant simulacrum (Depths:1)
  3 air elementals
  3 shadows
  A centaur simulacrum (D:12)
  2 dire elephant simulacra (Lair:6)
  2 redbacks (Vaults:1)
  2 spriggans (Depths:3)
  A spriggan (shapeshifter) (Elf:3)
  10 wyverns
  A wyvern (shapeshifter) (D:9)
  19 humans (D:13)
  2 wraiths
  42 yaks
  16 water elementals
  10 steam dragons
  4 fire elementals
  6 vampire mosquitoes
  3 basilisks
  A golden eye (Slime:5)
  A spriggan simulacrum (Depths:1)
  3 wargs
  A death yak simulacrum (Lair:6)
  3 spectral cane toads (Lair:6)
  54 nagas
  2 large abominations (Elf:1)
  28 water moccasins
  2 floating eyes
  2 hell hounds (Lair:6)
  43 orc warriors
  4 sky beasts
  2 ettin simulacra (Depths:3)
  4 black bears
  A necrophage (D:7)
  5 centaurs
  2 ogres (D:7)
  An elephant zombie (Lair:6)
  15 wolves
  15 bullfrogs
  4 elf zombies
  2 kobold brigands
  A glowing shapeshifter simulacrum (Depths:1)
  A scorpion (D:4)
  An earth elemental (Elf:2)
  3 cane toad simulacra (Lair:6)
  3 elf skeletons
  A water moccasin zombie (D:7)
  A wyvern skeleton (D:7)
  2 water moccasin skeletons
  4 elephant simulacra (Lair:6)
  A hornet simulacrum (D:15)
  15 killer bees
  A wight (D:9)
  A vampire bat (D:8)
  An electric eel (Lair:5)
  5 howler monkeys (D:8)
  8 centaur zombies
  14 orc priests
  2 hounds
  A bullfrog skeleton (D:4)
  4 jellies
  2 gnoll shamans (D:8)
  A centaur skeleton (D:7)
  3 human zombies
  Jessica (D:2)
  4 human skeletons (D:8)
  22 orc wizards
  2 hound skeletons (D:4)
  2 mummies (Ossuary)
  4 howler monkey zombies
  13 gnolls
  A howler monkey skeleton (D:7)
  8 adders
  2 white imps
  An adder skeleton (D:4)
  An adder zombie (Ossuary)
  2 worms
  4 dart slugs
  102 orcs
  9 ball pythons
  9 bats
  9 endoplasms
  2 giant cockroaches
  4 goblins
  12 hobgoblins
  11 jackals
  5 frilled lizards
  8 hobgoblin zombies (Ossuary)
  A jackal zombie (Ossuary)
  10 kobolds
  12 kobold zombies (Ossuary)
  2 orc skeletons (D:8)
  9 orc zombies
  A rat (D:1)
  A rat zombie (Ossuary)
  4 tentacles (Shoals:4)
1722 creatures vanquished.

Vanquished Creatures (collateral kills)
  A rockslime (Slime:3)
  5 two-headed ogres
  An orc high priest (Orc:2)
  3 orc knights (Orc:2)
  10 orc warriors
  An ogre (Orc:1)
  2 orc wizards
  4 orcs (Orc:2)
27 creatures vanquished.

Vanquished Creatures (others)
  A merfolk aquamancer (Shoals:4)
  2 hell hogs (Depths:3)
  6 dancing weapons
  2 ettin simulacra (Depths:3)
  3 orc wizards
  An orc (D:12)
  454 blocks of ice
  32 fungi
  A lurking horror (Slime:4)
  144 plants
  2 tentacles (Shoals:4)
  33 withered plants (Lair:6)
681 creatures vanquished.

Grand Total: 2430 creatures vanquished

Notes
Turn   | Place    | Note
-------+----------+-------------------------------------------
     0 | D:1      | freelancePsychic the Draconian Conjurer began the quest for
                  | the Orb.
     0 | D:1      | Reached XP level 1. HP: 14/14 MP: 3/3
   338 | D:1      | Reached XP level 2. HP: 20/20 MP: 1/5
   428 | D:1      | Found Pedops's Book Shoppe.
   594 | D:1      | Learned a level 2 spell: Searing Ray
  1115 | D:1      | Reached XP level 3. HP: 21/26 MP: 6/6
  1204 | D:1      | Found a faded altar of an unknown god.
  1711 | D:2      | Noticed Jessica
  1715 | D:2      | Killed Jessica
  1716 | D:2      | Reached skill level 5 in Conjurations
  1716 | D:2      | Reached XP level 4. HP: 33/33 MP: 3/8
  2949 | D:3      | Reached XP level 5. HP: 22/38 MP: 9/9
  3199 | D:4      | Noticed a black bear
  3205 | D:4      | Killed a black bear
  3206 | D:4      | Reached XP level 6. HP: 36/45 MP: 10/12
  3398 | D:4      | Reached skill level 1 in Fighting
  3405 | D:4      | Reached skill level 1 in Hexes
  3592 | D:4      | Your scales start taking on an icy white colour.
  3592 | D:4      | Reached XP level 7. HP: 46/56 MP: 13/13
  3592 | D:4      | Gained mutation: Your flesh is cold resistant. (rC+) [White
                  | Draconian growth]
  4190 | D:5      | Entered Level 5 of the Dungeon
  4207 | D:5      | Noticed Prince Ribbit
  4221 | D:5      | Killed Prince Ribbit
  4226 | D:5      | Learned a level 3 spell: Tukima's Dance
  4419 | D:5      | Found a hazy altar of Hepliaklqana.
  4569 | D:5      | Found a bloodstained altar of Trog.
  4569 | D:5      | Found a broken altar of Ashenzari.
  4584 | D:5      | Found an ornate altar of the Wu Jian Council.
  4592 | D:5      | Reached skill level 5 in Fighting
  4592 | D:5      | Reached XP level 8. HP: 63/68 MP: 14/14
  4780 | D:5      | Became a worshipper of Ashenzari the Shackled
  5159 | D:6      | Reached skill level 1 in Ice Magic
  5204 | D:6      | Found Dudoem's Assorted Antiques.
  5362 | D:6      | Reached skill level 2 in Ice Magic
  5430 | D:6      | Reached skill level 3 in Ice Magic
  5498 | D:6      | Found a staircase to the Ecumenical Temple.
  5685 | D:7      | Reached skill level 4 in Ice Magic
  5808 | D:7      | Reached XP level 9. HP: 70/81 MP: 15/15
  5861 | D:7      | Reached skill level 5 in Ice Magic
  6051 | D:7      | Found a snail-covered altar of Cheibriados.
  6081 | D:7      | Found a stormy altar of Qazlal.
  6256 | D:7      | Reached skill level 6 in Ice Magic
  6550 | D:7      | Reached * piety under Ashenzari
  6810 | D:8      | Reached skill level 7 in Ice Magic
  6814 | D:8      | Reached skill level 10 in Fighting
  6814 | D:8      | Reached skill level 8 in Ice Magic
  6909 | D:8      | Found a sand-covered staircase.
  6915 | D:8      | Reached XP level 10. HP: 92/93 MP: 16/16
  6918 | Ossuary  | Entered an ossuary
  7449 | D:8      | Reached skill level 9 in Ice Magic
  8230 | D:1      | Bought a book of Frost for 350 gold pieces
  8235 | D:1      | Learned a level 4 spell: Hailstorm
  8239 | D:1      | Learned a level 3 spell: Frozen Ramparts
  8243 | D:1      | Learned a level 3 spell: Ozocubu's Armour
  8349 | D:9      | Noticed a boulder beetle
  8437 | D:9      | Reached skill level 1 in Shields
  8488 | D:9      | Noticed a shock serpent
  8528 | D:9      | Noticed a two-headed ogre
  8742 | D:8      | Killed a two-headed ogre
  8867 | D:9      | Paralysed by a hornet for 2 turns
  9128 | D:9      | Reached skill level 5 in Dodging
  9180 | D:8      | Killed a boulder beetle
  9415 | D:8      | Reached ** piety under Ashenzari
  9538 | D:9      | Reached XP level 11. HP: 101/101 MP: 15/17
  9825 | D:9      | Found Vemaw's Jewellery Shop.
  9918 | D:9      | Noticed a boulder beetle
 10188 | D:10     | Entered Level 10 of the Dungeon
 10188 | D:10     | Identified the +2 robe of Disguise {Rampage}
 10188 | D:10     | Noticed a two-headed ogre
 10191 | D:10     | Noticed a deep elf pyromancer
 10196 | D:10     | Killed a two-headed ogre
 10202 | D:10     | Killed a deep elf pyromancer
 10250 | D:10     | Reached skill level 5 in Spellcasting
 10266 | D:10     | Found Lare's Armour Shop.
 10267 | D:10     | Noticed Sonja
 10308 | D:10     | Killed Sonja
 10371 | D:10     | Found a runed translucent door.
 10441 | D:10     | Found a runed translucent door.
 10467 | D:10     | Found a runed translucent door.
 10480 | D:10     | Found a runed translucent door.
 10505 | D:10     | Noticed a two-headed ogre
 10545 | D:10     | Killed a two-headed ogre
 10564 | D:10     | Found Ufioklil's Magic Scroll Shop.
 10658 | D:10     | Noticed an orange crystal statue
 10712 | D:11     | Found a transporter.
 10713 | D:11     | Found a transporter.
 10713 | D:11     | Noticed robertstho's ghost (journeyman DjFE)
 10716 | D:11     | Identified a scroll of acquirement
 10721 | D:11     | Acquired 529 gold pieces
 10748 | D:9      | Bought the ring of Cexagaf {rElec rPois EV+4 Dex+3 Slay-4}
                  | for 480 gold pieces
 10851 | D:9      | Identified the +10 quarterstaff of the Lesser Evil {speed,
                  | +Blink Will+}
 10924 | D:11     | Noticed a boulder beetle
 11050 | D:11     | Killed a boulder beetle
 11141 | D:11     | Reached *** piety under Ashenzari
 11202 | D:11     | Found a staircase to the Lair.
 11202 | D:11     | Noticed an oklob plant
 11208 | D:11     | Killed an oklob plant
 11336 | D:11     | Noticed a four-headed hydra
 11344 | D:11     | Killed a four-headed hydra
 11590 | D:11     | Noticed a two-headed ogre
 11594 | D:11     | Killed a two-headed ogre
 12357 | D:12     | Found a staircase to the Orcish Mines.
 12357 | D:12     | Noticed a death knight
 12357 | D:12     | Noticed a skeletal warrior
 12381 | D:10     | Reached XP level 12. HP: 116/116 MP: 13/24
 13366 | D:11     | Killed a death knight
 13614 | D:12     | Noticed a two-headed ogre
 13624 | D:12     | Killed a two-headed ogre
 13859 | D:12     | Reached **** piety under Ashenzari
 13901 | D:12     | Reached skill level 5 in Hexes
 14411 | D:12     | Learned a level 6 spell: Invisibility
 14465 | D:12     | Noticed a two-headed ogre
 14474 | D:12     | Killed a two-headed ogre
 15028 | Orc:1    | Entered Level 1 of the Orcish Mines
 15028 | Orc:1    | Found Fubeeh's Distillery.
 15702 | Orc:2    | Entered Level 2 of the Orcish Mines
 15705 | Orc:2    | Found a staircase to the Elven Halls.
 15816 | Orc:2    | Reached XP level 13. HP: 128/128 MP: 19/30
 15836 | Orc:2    | Paralysed by an orc sorcerer for 6 turns
 16516 | Orc:2    | Reached skill level 1 in Air Magic
 16923 | Orc:2    | Found Potuqim's Book Shop.
 16923 | Orc:2    | Found Sihy's Antique Armour Shoppe.
 17323 | Orc:2    | Reached ***** piety under Ashenzari
 17326 | Orc:2    | Found a runed translucent gate.
 17326 | Orc:2    | Found a runed translucent gate.
 17326 | Orc:2    | Noticed a merfolk impaler
 17329 | Orc:2    | Noticed a merfolk javelineer
 17338 | Orc:2    | Noticed a merfolk javelineer
 17345 | Orc:2    | Found Cuoficw's Antique Weapon Shop.
 17352 | Orc:2    | Found Tizalaiz's Book Shoppe.
 17526 | Orc:2    | Noticed ardl's ghost (adept DjNe)
 17537 | Orc:2    | Found a runed translucent gate.
 17587 | Orc:2    | Found an iron altar of Okawaru.
 17894 | D:1      | Bought the Volume of Unholy Weightlessness for 725 gold
                  | pieces
 17901 | D:1      | Learned a level 6 spell: Freezing Cloud
 18069 | Lair:1   | Entered Level 1 of the Lair of Beasts
 18200 | Lair:1   | Identified the +2 plate armour of Pulumme {Drain rElec
                  | Int+3 SInv}
 18204 | Lair:1   | Reached skill level 10 in Ice Magic
 19032 | Lair:2   | Reached skill level 11 in Ice Magic
 19459 | Lair:2   | Reached skill level 12 in Ice Magic
 19584 | Lair:2   | Found a staircase to the Snake Pit.
 20325 | Lair:3   | Found a staircase to the Shoals.
 20658 | Lair:4   | Reached skill level 13 in Ice Magic
 20690 | Lair:4   | Reached XP level 14. HP: 140/143 MP: 9/32
 21486 | Lair:5   | Reached skill level 14 in Ice Magic
 22121 | Lair:5   | Found a transporter.
 22124 | Lair:5   | Noticed karkarkar's ghost (journeyman MiBe)
 22125 | Lair:5   | Found a transporter.
 22517 | Lair:4   | Reached skill level 15 in Ice Magic
 22650 | Orc:2    | Bought a book of Annihilations for 1104 gold pieces
 23853 | Orc:1    | Learned a level 9 spell: Absolute Zero
 23981 | Lair:6   | Entered Level 6 of the Lair of Beasts
 24018 | Lair:6   | Reached skill level 16 in Ice Magic
 24104 | Lair:6   | Found a dark tunnel.
 24138 | Volcano  | Entered a volcano
 25050 | Volcano  | Found the +2 cloak of the Thief {*Fog Slay-2 SInv Stlth+}
 25208 | Lair:6   | Reached skill level 17 in Ice Magic
 25973 | Orc:2    | Killed ardl's ghost
 26031 | Orc:2    | Acquired a book of Ice
 26041 | Orc:2    | Learned a level 7 spell: Ozocubu's Refrigeration
 26258 | D:13     | Reached skill level 18 in Ice Magic
 26258 | D:13     | Reached XP level 15. HP: 122/152 MP: 6/34
 26352 | D:13     | Found Alauh's Jewellery Boutique.
 26550 | D:13     | Found Dotehomp's Antique Armour Emporium.
 26556 | D:13     | Found Seenea's Armour Boutique.
 27337 | D:13     | Found a gate to the Vaults.
 27452 | D:13     | Found Yzomeos's Distillery.
 27694 | D:14     | Reached skill level 19 in Ice Magic
 28836 | D:15     | Entered Level 15 of the Dungeon
 28841 | D:15     | Reached skill level 1 in Polearms
 28975 | D:15     | Reached skill level 20 in Ice Magic
 29068 | D:15     | Reached skill level 1 in Staves
 29483 | D:15     | Found a staircase to the Depths.
 29628 | D:15     | Found a glowing golden altar of the Shining One.
 29901 | Elf:1    | Entered Level 1 of the Elven Halls
 30147 | Elf:1    | Identified Kikubaaqudgha's Guide on Black Magic
 30150 | Elf:1    | Reached XP level 16. HP: 154/160 MP: 8/35
 30275 | Elf:1    | Reached skill level 21 in Ice Magic
 30320 | Elf:1    | Learned a level 2 spell: Sublimation of Blood
 30564 | Elf:1    | Found a shimmering blue altar of Sif Muna.
 30921 | Elf:1    | Reached skill level 22 in Ice Magic
 30954 | Elf:1    | Found Lafoleth's Magic Scroll Emporium.
 31270 | Elf:2    | Found Yplim's One-of-a-Kind Books.
 31272 | Elf:2    | Reached skill level 10 in Spellcasting
 31440 | Elf:2    | Found a runed translucent gate.
 31440 | Elf:2    | Found a runed translucent gate.
 31440 | Elf:2    | Found a runed translucent gate.
 31468 | Elf:2    | Found Ahisaxoa's Jewellery Shoppe.
 31704 | Elf:2    | Reached skill level 5 in Shields
 32084 | Elf:3    | Entered Level 3 of the Elven Halls
 32500 | Elf:3    | Found Beupup's Jewellery Boutique.
 32765 | Elf:3    | Noticed a deep elf master archer
 32769 | Elf:3    | Killed a deep elf master archer
 32770 | Elf:3    | Reached XP level 17. HP: 161/167 MP: 23/37
 32801 | Elf:3    | Noticed a deep elf blademaster
 32843 | Elf:3    | Killed a deep elf blademaster
 33108 | Elf:3    | Identified the +1 scimitar of Fatigue {freeze, Str+3}
 33459 | Elf:3    | Identified the +2 falchion of Wugaucar {pain, rCorr Str-4
                  | Int+3 Dex+4}
 33469 | Elf:3    | Noticed a deep elf blademaster
 33471 | Elf:3    | Killed a deep elf blademaster
 33553 | Elf:3    | Noticed a deep elf master archer
 33556 | Elf:3    | Identified the amulet of Gess {Spirit Regen+}
 33562 | Elf:3    | Killed a deep elf master archer
 34010 | Elf:3    | Identified the +5 halberd of the Howling Firefly {drain,
                  | Will++}
 34010 | Elf:3    | Identified the ring of the Queen {rElec rPois EV+4 Dex-3
                  | SInv}
 34020 | Elf:3    | Reached skill level 10 in Shields
 34099 | Elf:3    | Identified the Disquisition on Conjuration
 34100 | Elf:3    | Identified the +6 mace of Dividends {flame, rF+ rN++}
 34102 | Elf:3    | Identified the +6 trident "Dragonslayer" {drain, Dex+4
                  | Stlth+}
 35120 | Lair:6   | Found a staircase to the Slime Pits.
 35120 | Lair:6   | Found a viscous altar of Jiyva.
 35342 | Lair:6   | Reached skill level 15 in Fighting
 36256 | Orc:2    | Bought a glowing kite shield for 180 gold pieces
 36420 | Lair:5   | Killed karkarkar's ghost
 36529 | Lair:5   | Acquired a +1 pair of gloves of dexterity
 36537 | Lair:5   | Reached ****** piety under Ashenzari
 36736 | Slime:1  | Entered Level 1 of the Pits of Slime
 36736 | Slime:1  | Noticed an acid blob
 36737 | Slime:1  | Killed an acid blob
 36738 | Slime:1  | Noticed an acid blob
 36740 | Slime:1  | Noticed an acid blob
 36742 | Slime:1  | Reached XP level 18. HP: 184/184 MP: 7/40
 37317 | Slime:5  | Entered Level 5 of the Pits of Slime
 37712 | Slime:5  | Reached skill level 10 in Dodging
 37741 | Slime:5  | Found the +8 orange crystal plate armour {Archmagi, Int+3
                  | Clar}
 37741 | Slime:5  | Found the +3 sling "Punk" {acid, rCorr}
 37742 | Slime:5  | Identified the +0 pair of gloves of Surprise {Str+2}
 37743 | Slime:5  | Identified the +6 hand axe of Chance {vorpal, rF+ Will+
                  | Stlth+}
 37767 | Slime:5  | Gained mutation: You are occasionally teleported next to
                  | monsters. [a shining eye]
 37826 | Slime:5  | Noticed the Royal Jelly
 38577 | Slime:5  | Identified Pugaikic's Handbook of the Arsonist and Cold
 38583 | Slime:5  | Found the +3 Elemental Staff {rElec rF++ rC++ Will++ AC+5}
 38590 | Slime:5  | Reached XP level 19. HP: 186/200 MP: 33/43
 38656 | Slime:5  | Identified the amulet "Tiji Igg" {Spirit Rampage rC++ rN+}
 38924 | Slime:5  | Killed the Royal Jelly
 39160 | Slime:3  | Gained mutation: You have a somewhat thin skeletal
                  | structure. (Dex +2, Stealth+) [potion of mutation]
 39160 | Slime:3  | Gained mutation: You are partially covered in large bone
                  | plates. (SH +4) [potion of mutation]
 39160 | Slime:3  | Gained mutation: You are frail. (-10% HP) [potion of
                  | mutation]
 39160 | Slime:3  | Gained mutation: You have large cloven feet. [potion of
                  | mutation]
 39161 | Slime:3  | Lost mutation: You have a somewhat thin skeletal structure.
                  | (Dex +2, Stealth+) [potion of mutation]
 39161 | Slime:3  | Lost mutation: You are frail. (-10% HP) [potion of
                  | mutation]
 39161 | Slime:3  | Gained mutation: You have a pair of small horns on your
                  | head. [potion of mutation]
 39161 | Slime:3  | Gained mutation: You are mostly covered in large bone
                  | plates. (SH +6) [potion of mutation]
 39162 | Slime:3  | Lost mutation: You are occasionally teleported next to
                  | monsters. [potion of mutation]
 39162 | Slime:3  | Lost mutation: You are mostly covered in large bone plates.
                  | (SH +6) [potion of mutation]
 39162 | Slime:3  | Lost mutation: You have a pair of small horns on your head.
                  | [potion of mutation]
 39162 | Slime:3  | Gained mutation: You are frail. (-10% HP) [potion of
                  | mutation]
 39162 | Slime:3  | Gained mutation: Your tail ends in a poisonous barb.
                  | [potion of mutation]
 40372 | Slime:5  | Got a slimy rune of Zot
 40801 | Snake:1  | Entered Level 1 of the Snake Pit
 41395 | Snake:1  | Noticed Nikola
 41397 | Snake:1  | Killed Nikola
 42071 | Snake:2  | Noticed Aizul
 42073 | Snake:2  | Killed Aizul
 42112 | Snake:2  | Identified the +3 cloak of Zyklijuo {SInv}
 42279 | Snake:2  | Found Ryweddaxt's General Store.
 42946 | Snake:3  | Found Wapos's General Store.
 42946 | Snake:3  | Found Xoerev's Assorted Antiques.
 43650 | Snake:4  | Entered Level 4 of the Snake Pit
 43653 | Snake:4  | Noticed Vashnia
 43669 | Snake:4  | Killed Vashnia
 43671 | Snake:4  | Noticed Donald
 43676 | Snake:4  | Killed Donald
 43901 | Snake:4  | Reached XP level 20. HP: 191/191 MP: 35/44
 43970 | Snake:4  | Found Plog's Jewellery Shoppe.
 45170 | Snake:4  | Got a serpentine rune of Zot
 45281 | Snake:4  | Found Ilio's Jewellery Shoppe.
 45281 | Snake:4  | Found Ymmataith's Book Boutique.
 45521 | Snake:4  | Noticed Mara
 45527 | Snake:4  | Killed Mara
 46004 | Shoals:1 | Entered Level 1 of the Shoals
 46225 | Shoals:1 | Identified the ring of Equilibrium {Fire rN++ Will- Str+6}
 47053 | Shoals:4 | Entered Level 4 of the Shoals
 47278 | Shoals:4 | Found the necklace of Bloodlust {*Rage +Rage Will++ Int-3
                  | Slay+6}
 47361 | Shoals:4 | Identified the Handbook of Frigorific Creation
 47663 | Shoals:4 | Reached skill level 15 in Dodging
 47667 | Shoals:4 | Reached XP level 21. HP: 181/201 MP: 26/46
 47715 | Shoals:4 | Got a barnacled rune of Zot
 48219 | Vaults:1 | Entered Level 1 of the Vaults
 48656 | Vaults:1 | Noticed Asterion
 48658 | Vaults:1 | Killed Asterion
 50041 | Depths:1 | Entered Level 1 of the Depths
 50349 | Depths:1 | Found a one-way gate to the infinite horrors of the Abyss.
 50487 | Depths:1 | Found a one-way gate leading to the halls of Pandemonium.
 50617 | Depths:1 | Found a stormy altar of Qazlal.
 50870 | Depths:1 | Found a gateway to Hell.
 51145 | Depths:2 | Found a hide-covered altar of Uskayaw.
 51193 | Depths:2 | Found a gateway to a ziggurat.
 51342 | Depths:2 | Noticed a juggernaut
 51345 | Depths:2 | Reached skill level 15 in Shields
 51347 | Depths:2 | Killed a juggernaut
 51776 | Depths:2 | Found a sparkling altar of Nemelex Xobeh.
 52049 | Depths:2 | Reached XP level 22. HP: 209/209 MP: 37/47
 53101 | Depths:3 | Found a radiant altar of Vehumet.
 53107 | Depths:3 | Identified the +0 pair of gloves of Liberalism {rN+ rCorr
                  | Str+3}
 53143 | Depths:3 | Noticed a golden dragon
 53275 | Depths:3 | Killed a golden dragon
 53444 | Depths:3 | Noticed a caustic shrike
 53447 | Depths:3 | Killed a caustic shrike
 53447 | Depths:3 | Noticed a caustic shrike
 53447 | Depths:3 | Noticed a caustic shrike
 53583 | Depths:3 | Noticed a juggernaut
 53591 | Depths:3 | Killed a juggernaut
 53715 | Depths:3 | Found a glowing silver altar of Zin.
 53781 | Depths:3 | Killed a caustic shrike
 53784 | Depths:3 | Killed a caustic shrike
 53807 | Depths:3 | Found an opulent altar of Gozag.
 54752 | Depths:3 | Found a blossoming altar of Fedhas.
 54969 | Depths:3 | Reached XP level 23. HP: 216/216 MP: 38/48
 55830 | Depths:4 | Noticed Frederick
 55832 | Depths:4 | Killed Frederick
 56537 | Depths:4 | Noticed a caustic shrike
 56541 | Depths:4 | Killed a caustic shrike
 56705 | Depths:5 | Entered Level 5 of the Depths
 56895 | Depths:5 | Found a radiant altar of Vehumet.
 56925 | Depths:5 | HP: 6/212 [jiangshi[a vampire mage] (15)]
 56925 | Depths:5 | Mangled by a jiangshi

Illustrated notes

Levels and vault maps discovered:
D:1:      dpeg_arrival_pits, layout_basic, serial_shops, shop_fountains,
          shapermc_ecumenical_altar_mp_ritualfount, serial_bayou_pond_d,
          supply_closet_lemuel
D:2:      layout_rooms, minmay_tetromino_l2, uniq_jessica
D:3:      layout_loops_ring, corexii_item_surrounded_by_moat
D:4:      layout_rooms, serial_bayou_pond_e
D:5:      layout_basic, nicolae_overflow_quartered_altars, uniq_prince_ribbit1
D:6:      layout_basic, minmay_temple_entry_proselytizer, serial_shops,
          nicolae_shop_window_shopping
D:7:      layout_rooms, general_overflow_altar, slow_altar_2,
          minmay_strange_pillars, grunt_ogre_cave, minmay_misc_feat_rugged
D:8:      layout_loops_ring, nicolae_ossuary_entry_catacombs, roderic_batcave,
          minmay_statues_item
D:9:      cheibrodos_fzero, layout_stronghold, serial_shops,
          kennysheep_mini_moat, chequers_jeans, minmay_misc_feat_secret_circle
D:10:     layout_cross, serial_shops, nicolae_shop_statue_plus, shop_statue,
          minmay_statue_crystal_thing, uniq_sonja
D:11:     layout_loops_ring, dpeg_oklobed_lair, gammafunk_ghost_mausoleum,
          minmay_misc_feat_five
D:12:     cheibrodos_orc_bank, layout_loops_ring, david_orc_3
D:13:     layout_cave_pools, grunt_vaults_entry_tiered, serial_shops,
          nicolae_shop_trees, nicolae_shop_overgrown_old_shop,
          nicolae_shop_statue_plus, shop, kennysheep_flooded_box
D:14:     layout_cave_pods, chequers_big_river
D:15:     gammafunk_enter_depths_forms, layout_cave_pools,
          nicolae_tso_carved_into_rock
Lair:1:   layout_long_grid, infiniplex_staircase_pool, minmay_lair_oklob_chamber
Lair:2:   layout_regular_city, minmay_snake_entry_six_corridors
Lair:3:   layout_misc_corridors, minmay_shoals_entry_beasts, grunt_megastairs_1
Lair:4:   layout_regular_city, infiniplex_staircase_pool_2
Lair:5:   layout_long_grid, gammafunk_ghost_hive, grunt_megastairs_2,
          serial_bayou_shore_b, lemuel_fruit_fields, serial_bayou_shore_a,
          lemuel_fruit_fields
Lair:6:   due_jungle_book, layout_loops_ring, slime_altar_1, enter_volcano_3,
          grunt_megastairs_3
Shoals:1: layout_shoals, nicolae_shoals_this_corrosion
Shoals:2: layout_shoals, lightli_airlock, uniq_jorgrun
Shoals:3: layout_shoals
Shoals:4: shoals_end_grunt_ice, layout_shoals, nicolae_shoals_circle_sea_wall
Snake:1:  layout_rooms, nrook_guardian_serpent_ordinary, grunt_megastairs_5,
          uniq_nikola
Snake:2:  layout_layer_cave, serial_shops,
          nicolae_shop_temple_entry_statues_fountains, uniq_aizul
Snake:3:  layout_misc_corridors, minmay_shoptagon
Snake:4:  johnstein_snake_rune_scales, layout_chambers, minmay_shop_grove,
          uniq_vashnia, uniq_mara, uniq_donald
Slime:1:  layout_caves
Slime:2:  cheibrodos_slime_lost_civilization_2, layout_caves
Slime:3:  layout_caves, cheibrodos_slime_lost_civilization_7
Slime:4:  layout_caves, amcnicky_altar_lugonu_corruption
Slime:5
Orc:1:    layout_caves, serial_shops, shop
Orc:2:    st_orc_town, layout_caves, gammafunk_ghost_fury_of_okawaru
Elf:1:    eino_elf_arrival_customs, layout_gridlike, basic_altar, serial_shops,
          shop, minmay_elf_necromancy
Elf:2:    layout_geoelf_diagonals, grunt_ministairs_1, nicolae_rare_books,
          minmay_shop_star
Elf:3:    minmay_elf_hall_dome, layout_gridlike, serial_shops, shop_fountains,
          item_on_display_a
Vaults:1: v_misc_26, hangedman_vaults_trim, nicolae_vaults_hallways_thing,
          hangedman_vaults_maws, ontoclasm_vaults_loading_screen,
          nicolae_vaults_alarming, nicolae_vaults_what_the_h,
          ontoclasm_vaults_loading_screen, ontoclasm_vaults_shuriken, v_misc_22,
          layout_vaults_quadrants, uniq_asterion
Depths:1: layout_small_grid, grunt_decor_fettered, grunt_hell_entry_dis_mu,
          pan_entry, abyss_entry_crystal, grunt_qazlal_sundering
Depths:2: grunt_deathspiral_large, layout_cave_pools, ziggurat_fallback,
          hell_entry, nemelex_spade_bored_becter, grunt_ministairs_8,
          nicolae_uskayaw_dance_hall
Depths:3: grunt_profane_halls [grunt_profane_temple_geh,
          grunt_profane_temple_dis, grunt_profane_temple_coc,
          grunt_profane_temple_tar, grunt_profane_loot], hell_entry, pan_entry
Depths:4: minmay_the_grid_octo_tiled_octocenter_mashed
          [minmay_the_grid_octo_fan_narrow,
          minmay_the_grid_octo_vomiting_pacman, minmay_the_grid_octo_toaster,
          minmay_the_grid_octo_odd_swirl, minmay_the_grid_octo_prize_star,
          minmay_the_grid_square_5x5_spiral_small,
          minmay_the_grid_square_5x5_three,
          minmay_the_grid_square_5x5_eight_small,
          minmay_the_grid_square_5x5_moneybag], layout_gridville, abyss_entry,
          grunt_mini_vestibule, infiniplex_staircase_pillars_3a, uniq_frederick
Depths:5: evilmike_zot_entry_diamond, layout_cave_shapes, hell_entry,
          fiery_altar_vehumet, grunt_megastairs_4

Skill      XL: |  1  2  3  4  5  6  7  8  9 10 11 12 13 14 15 16 17 18 19 20 21 22 23 |
---------------+----------------------------------------------------------------------+-----
Conjurations   | 5 6 |  6.5
Spellcasting   | 3 4 7 9 10 11 13 | 13.7
Fighting       | 2 5 8 10 12 13 14 15 17 19 20 | 20.1
Hexes          | 2 4 6 |  6.8
Ice Magic      | 4 8 9 13 18 20 22 | 22.1
Dodging        | 6 8 9 11 13 15 | 15.4
Shields        | 3 7 11 16 19 21 | 21.6
Air Magic      | 2 |  2.3
Polearms       | 1 |  1.5
Staves         | 4 |  4.0
Stealth        | 4 |  4.9

Action                   |  1- 3 |  4- 6 |  7- 9 | 10-12 | 13-15 | 16-18 | 19-21 | 22-24 || total
-------------------------+-------+-------+-------+-------+-------+-------+-------+-------++-------
Melee: Spear             |    58 |    95 |    50 |       |       |       |       |       ||   203
       Unarmed           |     2 |       |       |       |       |       |       |       ||     2
       Tailslap          |     5 |     8 |     5 |    13 |    32 |     9 |    56 |    29 ||   157
       Staff             |       |       |     3 |   104 |   271 |    81 |   254 |   150 ||   863
 Cast: Magic Dart        |    23 |     9 |    40 |     2 |       |       |       |       ||    74
       Searing Ray       |     5 |    14 |    56 |   180 |    70 |       |       |       ||   325
       Hailstorm         |       |       |       |    34 |     6 |       |       |       ||    40
       Ozocubu's Armour  |       |       |       |    37 |    17 |     2 |       |       ||    56
       Frozen Ramparts   |       |       |       |    40 |    40 |     1 |       |       ||    81
       Tukima's Dance    |       |       |       |    44 |    24 |       |       |     4 ||    72
       Invisibility      |       |       |       |     5 |     8 |       |     1 |       ||    14
       Freezing Cloud    |       |       |       |       |   128 |     3 |       |     2 ||   133
       Ozocubu's Refrige |       |       |       |       |    98 |   146 |   220 |    25 ||   489
       Absolute Zero     |       |       |       |       |    13 |    98 |   185 |   161 ||   457
Invok: Curse Item        |       |       |     2 |     4 |     3 |     2 |     1 |       ||    12
       Shatter the Chain |       |       |       |       |     1 |     1 |     1 |     1 ||     4
 Abil: Breathe Frost     |       |       |     4 |     4 |       |       |       |       ||     8
Evoke: Wand              |       |       |       |       |     2 |       |       |       ||     2
       Condenser vane    |       |       |       |       |       |       |       |     1 ||     1
  Use: Scroll            |       |       |     4 |     6 |     5 |     3 |     6 |     7 ||    31
       Potion            |       |       |       |       |     3 |     1 |     4 |       ||     8
 Stab: Sleeping          |     4 |     4 |       |       |       |     3 |     4 |       ||    15
       Invisible         |       |       |       |     6 |     5 |       |       |       ||    11
       Distracted        |       |       |       |     1 |       |       |       |       ||     1
Armor: Skin              |    20 |    27 |    44 |   147 |    98 |    37 |    83 |    72 ||   528
Dodge: Dodged            |    50 |    62 |    59 |   434 |   369 |    84 |   274 |   253 ||  1585
Block: Buckler           |       |       |       |   119 |    94 |    31 |       |       ||   244
       Kite shield       |       |       |       |       |       |     6 |   332 |   294 ||   632
       Tower shield      |       |       |       |       |       |       |       |    84 ||    84

Table legend: (Time is in decaauts)
 A = Elapsed time spent in this place.
 B = Non-inter-level travel time spent in this place.
 C = Inter-level travel time spent in this place.
 D = Time resting spent in this place.
 E = Time spent auto-exploring this place.
 F = Levels seen in this place.
 G = Mean time per level.
                   A        B        C        D        E       F      G
               +--------+--------+--------+--------+--------+-----+--------+
         Total |  57294 |  53076 |   4218 |  10079 |  32937 |  47 | 1219.0 |
       Dungeon |  19654 |  17844 |   1810 |   2678 |  12348 |  15 | 1310.3 |
          Lair |   7971 |   6935 |   1036 |    506 |   5350 |   6 | 1328.5 |
        Shoals |   1932 |   1838 |     94 |    315 |    872 |   4 |  483.0 |
     Snake Pit |   5032 |   4801 |    231 |    273 |   3660 |   4 | 1258.0 |
    Slime Pits |   4087 |   3850 |    237 |   2285 |    797 |   5 |  817.4 |
  Orcish Mines |   4152 |   3703 |    449 |   1226 |   1632 |   2 | 2076.0 |
   Elven Halls |   4554 |   4337 |    217 |    753 |   2795 |   3 | 1518.0 |
        Vaults |   1715 |   1651 |     64 |     43 |   1304 |   1 | 1715.0 |
        Depths |   6844 |   6769 |     75 |   1392 |   3715 |   5 | 1368.8 |
       Ossuary |    303 |    303 |      0 |      0 |    211 |   1 |  303.0 |
       Volcano |   1046 |   1046 |      0 |    608 |    252 |   1 | 1046.0 |
               +--------+--------+--------+--------+--------+-----+--------+

Top non-repeatable levels by time:
   Orc:2: 2825 daAuts
  Lair:6: 2495 daAuts
Depths:3: 2294 daAuts
Depths:2: 2278 daAuts
 Snake:4: 2187 daAuts
    D:12: 2160 daAuts
     D:8: 2111 daAuts
   Elf:3: 1896 daAuts
    D:11: 1814 daAuts
Vaults:1: 1715 daAuts
     D:1: 1585 daAuts
     D:9: 1575 daAuts
    D:13: 1519 daAuts
  Lair:5: 1502 daAuts
   Elf:1: 1443 daAuts
